 Dungeon Crawl Stone Soup version 0.29.0-4-gdea44cf6ec (webtiles) character file.

Game seed: 2657740113517106540

16215 qw the Severer (level 12, -8/110 HPs)
             Began as a Minotaur Fighter on Sept 8, 2022.
             Was a Believer of Ru.
             Mangled by a two-headed ogre
             ... wielding a +0 giant spiked club
              (14 damage)
             ... on level 11 of the Dungeon.
             The game lasted 00:04:27 (13185 turns).

qw the Severer (Minotaur Fighter)                  Turns: 13185, Time: 00:04:27

Health: -8/110     AC: 23    Str: 25    XL:     12   Next: 8%
Magic:  11/11      EV:  8    Int:  7    God:    Ru [**....]
Gold:   629        SH:  7    Dex:  8    Spells: 11/11 levels left

rFire   . . .      SeeInvis +   Y - +4 war axe
rCold   . . .      Faith    .   w - +2 buckler
rNeg    . . .      Spirit   .   c - +2 plate armour
rPois   +          Reflect  .   (helmet restricted)
rElec   .          Harm     .   l - +2 cloak "Saxa" {Int+2 Dex-3 SInv Stlth+}
rCorr   +          Rampage  .   (no gloves)
Will    .....                   v - +2 pair of boots
Stlth   ..........              j - amulet of the acrobat
HPRegen 0.28/turn               s - ring of poison resistance
MPRegen 0.12/turn               n - ring of resist corrosion

@: about to teleport
A: horns 2, hated by all, missing an eye, retaliatory headbutt
a: Renounce Religion


You were on level 11 of the Dungeon.
You worshipped Ru.
Ru was pleased with you.
You visited 1 branch of the dungeon, and saw 11 of its levels.

You collected 629 gold pieces.


Innate Abilities, Weirdness & Mutations

You have a pair of horns on your head.
You are hated by all.
You are missing an eye, making it more difficult to aim.
You reflexively headbutt those who attack you in melee.


   Skills:
 + Level 11.6 Fighting
 - Level 17.0 Axes
 - Level 1.4 Throwing
 - Level 10.3 Armour
 - Level 3.4 Dodging
 - Level 7.0 Shields


You had 11 spell levels left.
You didn't know any spells.
Your spell library was empty.

Inventory:

Hand Weapons
 k - a -2 demon whip of venom
 Y - a +4 war axe (weapon)
Armour
 c - a +2 plate armour (worn)
 l - the +2 cloak "Saxa" (worn) {Int+2 Dex-3 SInv Stlth+}
   (You found it on level 7 of the Dungeon)

   Int:       It affects your intelligence (+2).
   Dex:       It affects your dexterity (-3).
   SInv:      It lets you see invisible.
   Stlth:     It makes you more stealthy.
 v - a +2 pair of boots (worn)
 w - a +2 buckler (worn)
Jewellery
 f - a +4 ring of evasion
 h - a ring of fire
 i - a ring of fire
 j - an amulet of the acrobat (around neck)
 n - a ring of resist corrosion (right hand)
 p - a ring of positive energy
 s - a ring of poison resistance (left hand)
Scrolls
 a - a scroll of identify
Potions
 b - a potion of haste
 d - a potion of might
 g - a potion of heal wounds
 m - 2 potions of curing
 o - a potion of berserk rage {unknown}
 r - a potion of invisibility {unknown}

Dungeon Overview and Level Annotations

Branches:
Dungeon (11/15)            Temple (0/1) D:6            Lair (0/5) D:10
    Orc: D:9-12

Altars:
Cheibriados
Gozag
Kikubaaqudgha
Qazlal
Ru
Trog

Shops:
D:4 =   D:9 :

Annotations:
D:4 3 runed translucent doors, qw's ghost, amateur GrBe
D:8 1 runed translucent door, qw's ghost, novice MiBe


Message History

You closely miss the two-headed ogre.
You have reached level 12!
You feel agile.
You hit the two-headed ogre but do no damage.
The two-headed ogre hits you with a +0 giant spiked club!
The two-headed ogre hits you with a +0 giant club!!
You hit the two-headed ogre.
Your headbutt misses the two-headed ogre.
The two-headed ogre is lightly wounded.
You closely miss the howler monkey.
The howler monkey hits you but does no damage.
You slice the two-headed ogre!! You headbutt the two-headed ogre!
The two-headed ogre is severely wounded.
You hit the howler monkey. You block the howler monkey's attack.
You redirect the two-headed ogre's attack!
The two-headed ogre hits itself with a +0 giant spiked club!!
The two-headed ogre dies!
You closely miss the howler monkey. Your headbutt misses the howler monkey.
The howler monkey is lightly wounded.
You slice the two-headed ogre!!
The two-headed ogre is heavily wounded.
You closely miss the two-headed ogre.
The two-headed ogre is heavily wounded.
You hit the two-headed ogre.
Your headbutt misses the two-headed ogre.
The two-headed ogre is heavily wounded.
The two-headed ogre barely misses you.
The two-headed ogre hits you with a +0 giant club!
You closely miss the two-headed ogre. You headbutt the two-headed ogre.
The two-headed ogre is severely wounded.
You barely miss the two-headed ogre.
The two-headed ogre is severely wounded.
The howler monkey hoots and howls with incredible vigour!
The two-headed ogre hits you with a +0 giant spiked club!
The two-headed ogre hits you with a +0 giant club!
13185 ||| READING scroll of teleportation.
As you read the scroll of teleportation, it crumbles to dust.
You feel strangely unstable.
The two-headed ogre hits you with a +0 giant spiked club!
You die...

................# #
.............)..# #
.......[........###
######.....>.......
#.........)###
#.......).....
#.......)).##.
######.........:###
#)@.............#
#O####....^.....#
... #..........#
#... #..........#
#... ############
#... #... ###.


You could see a two-headed ogre.

Vanquished Creatures
  7 two-headed ogres
  An ogre mage (D:11)
  Amaemon (D:9)
  Pikel (D:7)
  A gargoyle (D:11)
  Maggie (D:7)
  An orange demon (D:9)
  A kobold demonologist (D:9)
  A komodo dragon (D:10)
  2 trolls (D:10)
  2 hornets
  Grinder (D:4)
  Sigmund (D:3)
  A wraith (D:9)
  Eustachio (D:4)
  17 yaks
  4 wyverns (D:10)
  A basilisk (D:10)
  2 steam dragons
  An acid dragon (D:9)
  4 water moccasins
  4 orc warriors
  A swamp drake (D:10)
  2 black bears
  2 ice beasts
  A centaur (D:11)
  A phantom (D:6)
  4 kobold brigands
  A bullfrog (D:8)
  A gnoll sergeant (D:8)
  A necrophage (D:5)
  7 wights
  A jelly (D:6)
  6 howler monkeys
  10 orc priests
  7 hounds
  6 iguanas
  8 orc wizards
  8 gnolls
  5 adders
  A shadow imp (D:8)
  4 white imps
  2 ufetubi
  2 worms
  3 dart slugs
  47 orcs
  7 ball pythons
  7 endoplasms
  4 giant cockroaches
  5 goblins
  6 hobgoblins
  2 jackals (D:5)
  5 quokkas
  5 bats
  5 frilled lizards
  15 kobolds
  24 rats
272 creatures vanquished.

Vanquished Creatures (others)
  A two-headed ogre (D:11)
  A yak (D:11)
  A bullfrog (D:8)
  8 demonic plants (D:11)
  9 plants
20 creatures vanquished.

Grand Total: 292 creatures vanquished

Notes
Turn   | Place    | Note
-------+----------+-------------------------------------------
     0 | D:1      | qw the Minotaur Fighter began the quest for the Orb.
     0 | D:1      | Reached XP level 1. HP: 19/19 MP: 0/0
     0 | D:1      | 0 ||| qw: Version: 0.1-a-111-g1c1fd2e
     0 | D:1      | 0 ||| qw: Game counter: 6581
     0 | D:1      | 0 ||| qw: Always use a shield: true
     0 | D:1      | 0 ||| qw: God list: Ru
     0 | D:1      | 0 ||| qw: Allow faded altars: false
     0 | D:1      | 0 ||| qw: Do Orc after D:15 true
     0 | D:1      | 0 ||| qw: Do second Lair branch before Depths: true
     0 | D:1      | 0 ||| qw: Lair rune preference: random
     0 | D:1      | 0 ||| qw: Plans: Normal
     0 | D:1      | 0 ||| PLANNING D:1-11
    33 | D:1      | Found a faded altar of an unknown god.
   181 | D:1      | Reached skill level 3 in Axes
   208 | D:1      | Reached XP level 2. HP: 26/26 MP: 1/1
   494 | D:1      | Reached skill level 4 in Axes
   631 | D:1      | 631 ||| UPGRADING to amulet of the acrobat.
   636 | D:1      | 636 ||| UPGRADING to ring of resist corrosion.
   637 | D:1      | 637 ||| READING 3 scrolls labelled WIETHRUQOGI.
   638 | D:1      | 638 ||| READING scroll labelled HOOBBE SYUTIO.
   639 | D:1      | 639 ||| READING scroll labelled BOZOYNEUSE.
   643 | D:1      | 643 ||| READING scroll labelled ZOEMIM GEDDU.
   644 | D:1      | 644 ||| READING scroll labelled GATHRE PORISOFI.
   645 | D:1      | 645 ||| DRINKING 2 golden potions.
   646 | D:1      | 646 ||| READING 2 scrolls of identify.
   646 | D:1      | 646 ||| IDENTIFYING sedimented silvery potion
   647 | D:1      | 647 ||| DROPPING potion of magic.
   663 | D:2      | You fall into a shaft and drop 1 floor!
   676 | D:3      | 676 ||| Stepping ~*~*~tactically~*~*~ (stealth).
   678 | D:3      | 678 ||| Stepping ~*~*~tactically~*~*~ (stealth).
   700 | D:3      | 700 ||| Stepping ~*~*~tactically~*~*~ (stealth).
   702 | D:3      | 702 ||| Stepping ~*~*~tactically~*~*~ (stealth).
   708 | D:3      | 708 ||| Stepping ~*~*~tactically~*~*~ (stealth).
   716 | D:3      | 716 ||| Stepping ~*~*~tactically~*~*~ (stealth).
   718 | D:3      | 718 ||| Stepping ~*~*~tactically~*~*~ (stealth).
   723 | D:3      | Reached XP level 3. HP: 31/31 MP: 2/2
   724 | D:3      | 724 ||| Stepping ~*~*~tactically~*~*~ (stealth).
   751 | D:3      | 751 ||| Stepping ~*~*~tactically~*~*~ (stealth).
   819 | D:3      | Found a snail-covered altar of Cheibriados.
   825 | D:3      | 825 ||| Stepping ~*~*~tactically~*~*~ (hiding).
   969 | D:3      | Reached skill level 5 in Axes
   969 | D:3      | Reached XP level 4. HP: 39/39 MP: 3/3
   976 | D:3      | Reached skill level 1 in Dodging
  1111 | D:3      | 1111 ||| DROPPING +0 whip.
  1113 | D:3      | 1113 ||| READING scroll labelled LOUCHA CANNYPH.
  1235 | D:2      | 1235 ||| Stepping ~*~*~tactically~*~*~ (stealth).
  1238 | D:2      | 1238 ||| Stepping ~*~*~tactically~*~*~ (stealth).
  1239 | D:2      | 1239 ||| Stepping ~*~*~tactically~*~*~ (stealth).
  1339 | D:2      | Reached XP level 5. HP: 39/45 MP: 4/4
  1474 | D:2      | 1474 ||| Stepping ~*~*~tactically~*~*~ (stealth).
  1475 | D:2      | 1475 ||| Stepping ~*~*~tactically~*~*~ (stealth).
  1491 | D:2      | 1491 ||| Stepping ~*~*~tactically~*~*~ (hiding).
  1492 | D:2      | 1492 ||| Stepping ~*~*~tactically~*~*~ (hiding).
  1497 | D:2      | Reached skill level 6 in Axes
  2064 | D:2      | 2064 ||| READING scroll labelled PIS BIENABB.
  2065 | D:2      | 2065 ||| READING scroll labelled ZEOB VYSMI.
  2066 | D:2      | 2066 ||| READING scroll labelled UMI UNUIL AXEBUDGH.
  2103 | D:3      | 2103 ||| STAIRDANCE
  2108 | D:3      | 2108 ||| STAIRDANCE
  2148 | D:3      | 2148 ||| STAIRDANCE
  2153 | D:3      | 2153 ||| STAIRDANCE
  2260 | D:3      | 2260 ||| STAIRDANCE
  2332 | D:3      | 2332 ||| STAIRDANCE
  2362 | D:3      | 2362 ||| STAIRDANCE
  2423 | D:2      | 2423 ||| UPGRADING to +0 chain mail.
  2433 | D:2      | 2433 ||| DROPPING +0 scale mail.
  2437 | D:3      | 2437 ||| STAIRDANCE
  2445 | D:3      | 2445 ||| STAIRDANCE
  2493 | D:3      | Noticed Sigmund
  2499 | D:3      | Killed Sigmund
  2500 | D:3      | Reached skill level 8 in Axes
  2500 | D:3      | Reached XP level 6. HP: 42/51 MP: 5/5
  2758 | D:3      | 2758 ||| DROPPING ring of magical power.
  2759 | D:3      | 2759 ||| READING scroll labelled VOTYST ZOSAAN.
  2760 | D:3      | 2760 ||| DRINKING 2 metallic purple potions.
  2790 | D:4      | Found a runed translucent gate.
  2932 | D:4      | Noticed Grinder
  2937 | D:4      | Paralysed by Grinder for 2 turns
  2944 | D:4      | Paralysed by Grinder for 3 turns
  2949 | D:4      | Paralysed by Grinder for 2 turns
  2954 | D:4      | Killed Grinder
  2955 | D:4      | Reached skill level 9 in Axes
  2955 | D:4      | Reached XP level 7. HP: 35/59 MP: 6/6
  3089 | D:4      | 3089 ||| SWAPPING to +3 war axe.
  3090 | D:4      | 3090 ||| DROPPING +0 war axe.
  3110 | D:4      | Found a sacrificial altar of Ru.
  3113 | D:4      | Became a worshipper of Ru the Awakened
  3145 | D:4      | Found Jiyz's Jewellery Emporium.
  3151 | D:4      | 3151 ||| SHOPLISTING +4 ring of evasion (396 gold, have
                  | 69).
  3151 | D:4      | 3151 ||| SHOPLISTING +6 ring of dexterity (396 gold, have
                  | 69).
  3151 | D:4      | 3151 ||| SHOPLISTING amulet of Kagugut {rPois rN+ Regen+}
                  | (499 gold, have 69).
  3151 | D:4      | 3151 ||| SHOPLISTING amulet of reflection (330 gold, have
                  | 69).
  3151 | D:4      | 3151 ||| SHOPLISTING ring "Kurhiowo" {rPois rF- Will+ MP+9
                  | Stlth+} (358 gold, have 69).
  3151 | D:4      | 3151 ||| SHOPLISTING ring of fire (275 gold, have 69).
  3247 | D:4      | Found a runed translucent gate.
  3247 | D:4      | Found a runed translucent gate.
  3249 | D:4      | Found an opulent altar of Gozag.
  3252 | D:4      | Noticed qw's ghost (amateur GrBe)
  3438 | D:4      | 3438 ||| Stepping ~*~*~tactically~*~*~ (stealth).
  3440 | D:4      | 3440 ||| Stepping ~*~*~tactically~*~*~ (stealth).
  3446 | D:4      | 3446 ||| Stepping ~*~*~tactically~*~*~ (stealth).
  3448 | D:4      | 3448 ||| Stepping ~*~*~tactically~*~*~ (stealth).
  3455 | D:4      | 3455 ||| Stepping ~*~*~tactically~*~*~ (stealth).
  3457 | D:4      | 3457 ||| Stepping ~*~*~tactically~*~*~ (stealth).
  3530 | D:4      | 3530 ||| Stepping ~*~*~tactically~*~*~ (stealth).
  3549 | D:4      | Found a bloodstained altar of Trog.
  3761 | D:4      | Noticed Eustachio
  3777 | D:4      | Killed Eustachio
  3925 | D:4      | 3925 ||| READING 3 scrolls of identify.
  3925 | D:4      | 3925 ||| IDENTIFYING white potion
  3926 | D:4      | 3926 ||| READING 2 scrolls of identify.
  3926 | D:4      | 3926 ||| IDENTIFYING sedimented grey potion
  3927 | D:4      | 3927 ||| DROPPING potion of flight.
  3928 | D:4      | 3928 ||| DROPPING potion of ambrosia.
  3950 | D:5      | Entered Level 5 of the Dungeon
  3960 | D:5      | 3960 ||| STAIRDANCE
  4195 | D:5      | 4195 ||| STAIRDANCE
  4293 | D:5      | Noticed a steam dragon
  4294 | D:5      | 4294 ||| Stepping ~*~*~tactically~*~*~ (hiding).
  4300 | D:5      | Killed a steam dragon
  4301 | D:5      | Reached skill level 10 in Axes
  4301 | D:5      | Reached XP level 8. HP: 67/70 MP: 7/7
  4388 | D:5      | Reached skill level 1 in Throwing
  4494 | D:5      | 4494 ||| Stepping ~*~*~tactically~*~*~ (stealth).
  4495 | D:5      | 4495 ||| Stepping ~*~*~tactically~*~*~ (stealth).
  4520 | D:5      | Reached skill level 6 in Fighting
  4621 | D:5      | 4621 ||| INVOKING Sacrifice Love.
  4621 | D:5      | Gained mutation: You are hated by all. [Ru sacrifice]
  4621 | D:5      | Reached * piety under Ru
  4846 | D:5      | 4846 ||| DROPPING +6 ring of intelligence.
  4884 | D:6      | Reached skill level 11 in Axes
  5026 | D:6      | 5026 ||| Stepping ~*~*~tactically~*~*~ (hiding).
  5329 | D:6      | 5329 ||| Stepping ~*~*~tactically~*~*~ (hiding).
  5334 | D:6      | 5334 ||| Stepping ~*~*~tactically~*~*~ (hiding).
  5577 | D:6      | Reached skill level 12 in Axes
  5586 | D:6      | 5586 ||| Stepping ~*~*~tactically~*~*~ (stealth).
  5697 | D:6      | Found a staircase to the Ecumenical Temple.
  6059 | D:6      | 6059 ||| UPGRADING to ring of positive energy.
  6060 | D:6      | 6060 ||| UPGRADING to ring of poison resistance.
  6062 | D:6      | 6062 ||| UPGRADING to ring of resist corrosion.
  6199 | D:7      | Identified the +2 cloak "Saxa" {Int+2 Dex-3 SInv Stlth+}
  6201 | D:7      | Noticed Pikel
  6212 | D:7      | Killed Pikel
  6213 | D:7      | Reached XP level 9. HP: 78/81 MP: 8/8
  6254 | D:7      | 6254 ||| Stepping ~*~*~tactically~*~*~ (stealth).
  6257 | D:7      | 6257 ||| Stepping ~*~*~tactically~*~*~ (stealth).
  6422 | D:7      | 6422 ||| DRINKING 2 potions of curing.
  6422 | D:7      | 6422 ||| (to cure confusion)
  6642 | D:7      | Found a stormy altar of Qazlal.
  6642 | D:7      | Found an ancient bone altar of Kikubaaqudgha.
  6644 | D:7      | 6644 ||| Stepping ~*~*~tactically~*~*~ (stealth).
  6645 | D:7      | 6645 ||| Stepping ~*~*~tactically~*~*~ (stealth).
  6648 | D:7      | 6648 ||| Stepping ~*~*~tactically~*~*~ (stealth).
  6651 | D:7      | 6651 ||| Stepping ~*~*~tactically~*~*~ (stealth).
  6654 | D:7      | 6654 ||| Stepping ~*~*~tactically~*~*~ (stealth).
  6657 | D:7      | 6657 ||| Stepping ~*~*~tactically~*~*~ (stealth).
  6659 | D:7      | Reached skill level 13 in Axes
  6659 | D:7      | 6659 ||| Stepping ~*~*~tactically~*~*~ (stealth).
  6775 | D:7      | 6775 ||| Stepping ~*~*~tactically~*~*~ (hiding).
  6811 | D:7      | 6811 ||| INVOKING Sacrifice an Eye.
  6811 | D:7      | Gained mutation: You are missing an eye, making it more
                  | difficult to aim. [Ru sacrifice]
  6811 | D:7      | Reached ** piety under Ru
  6815 | D:7      | Noticed Maggie
  6816 | D:7      | 6816 ||| Stepping ~*~*~tactically~*~*~ (hiding).
  6827 | D:7      | Killed Maggie
  6828 | D:7      | Reached skill level 14 in Axes
  7202 | D:7      | Reached XP level 10. HP: 84/88 MP: 9/9
  7462 | D:7      | 7462 ||| UPGRADING to +2 cloak "Saxa" {Int+2 Dex-3 SInv
                  | Stlth+}.
  7467 | D:7      | 7467 ||| UPGRADING to +0 pair of boots.
  7472 | D:7      | 7472 ||| READING 3 scrolls of enchant armour.
  7472 | D:7      | 7472 ||| ENCHANTING +0 pair of boots.
  7473 | D:7      | 7473 ||| READING 2 scrolls of enchant armour.
  7473 | D:7      | 7473 ||| ENCHANTING +1 pair of boots.
  7474 | D:7      | 7474 ||| READING scroll labelled QYENAT XYTICUX.
  7578 | D:8      | 7578 ||| Stepping ~*~*~tactically~*~*~ (stealth).
  7579 | D:8      | 7579 ||| Stepping ~*~*~tactically~*~*~ (stealth).
  7581 | D:8      | 7581 ||| Stepping ~*~*~tactically~*~*~ (stealth).
  7582 | D:8      | 7582 ||| Stepping ~*~*~tactically~*~*~ (stealth).
  7585 | D:8      | 7585 ||| Stepping ~*~*~tactically~*~*~ (hiding).
  7596 | D:8      | 7596 ||| FLEEEEING.
  7715 | D:8      | Reached skill level 6 in Armour
  7894 | D:8      | 7894 ||| Stepping ~*~*~tactically~*~*~ (stealth).
  7898 | D:8      | 7898 ||| Stepping ~*~*~tactically~*~*~ (stealth).
  7899 | D:8      | 7899 ||| Stepping ~*~*~tactically~*~*~ (stealth).
  7903 | D:8      | 7903 ||| Stepping ~*~*~tactically~*~*~ (stealth).
  7904 | D:8      | 7904 ||| Stepping ~*~*~tactically~*~*~ (stealth).
  7905 | D:8      | 7905 ||| Stepping ~*~*~tactically~*~*~ (stealth).
  7912 | D:8      | 7912 ||| Stepping ~*~*~tactically~*~*~ (stealth).
  7929 | D:8      | Identified the +1 scale mail "Hero's Friend" {Fly}
  7998 | D:8      | Found a runed translucent door.
  8003 | D:8      | Noticed qw's ghost (novice MiBe)
  8254 | D:8      | 8254 ||| UPGRADING to +2 buckler.
  8264 | D:8      | 8264 ||| DROPPING +0 buckler.
  8265 | D:8      | 8265 ||| UPGRADING to +1 scale mail "Hero's Friend" {Fly}.
  8275 | D:8      | 8275 ||| DROPPING amulet of faith.
  8276 | D:8      | 8276 ||| READING scroll labelled CUCE RISEWN.
  8377 | D:8      | 8377 ||| READING 2 scrolls of identify.
  8377 | D:8      | 8377 ||| IDENTIFYING cyan potion
  8378 | D:8      | 8378 ||| DROPPING potion of degeneration.
  8439 | D:9      | Found Tuaxtia's Book Boutique.
  8461 | D:9      | HP: 20/88 [orc warrior/+0 halberd (10)]
  8462 | D:9      | 8462 ||| READING 2 scrolls of teleportation.
  8463 | D:9      | 8463 ||| DRINKING 2 potions of heal wounds.
  8705 | D:9      | Reached skill level 15 in Axes
  8908 | D:9      | Noticed an ice statue
  8909 | D:9      | 8909 ||| FLEEEEING.
  8984 | D:9      | HP: 11/90 [ice statue/bolt of cold (21)]
  8985 | D:9      | 8985 ||| READING scroll of teleportation.
  8986 | D:9      | 8986 ||| DRINKING potion of heal wounds.
  8997 | D:9      | Reached skill level 9 in Fighting
  9417 | D:9      | 9417 ||| Stepping ~*~*~tactically~*~*~ (hiding).
  9419 | D:9      | 9419 ||| Stepping ~*~*~tactically~*~*~ (hiding).
  9420 | D:9      | 9420 ||| Stepping ~*~*~tactically~*~*~ (hiding).
  9636 | D:9      | 9636 ||| INVOKING Reject Sacrifices.
  9724 | D:9      | Noticed an orange demon
  9730 | D:9      | Noticed Amaemon
  9738 | D:9      | Killed an orange demon
  9767 | D:9      | Killed Amaemon
  9768 | D:9      | Reached skill level 16 in Axes
 10001 | D:9      | 10001 ||| Stepping ~*~*~tactically~*~*~ (stealth).
 10002 | D:9      | 10002 ||| Stepping ~*~*~tactically~*~*~ (stealth).
 10172 | D:9      | 10172 ||| DROPPING +0 morningstar.
 10365 | D:9      | 10365 ||| UPGRADING to +0 plate armour.
 10375 | D:9      | 10375 ||| DROPPING +0 chain mail.
 10376 | D:9      | 10376 ||| DROPPING +0 swamp dragon scales.
 10377 | D:9      | 10377 ||| DROPPING +1 scale mail "Hero's Friend" {Fly}.
 10378 | D:9      | 10378 ||| READING 2 scrolls of enchant armour.
 10378 | D:9      | 10378 ||| ENCHANTING +0 plate armour.
 10379 | D:9      | 10379 ||| READING scroll of enchant armour.
 10379 | D:9      | 10379 ||| ENCHANTING +1 plate armour.
 10380 | D:9      | 10380 ||| READING 2 scrolls of identify.
 10380 | D:9      | 10380 ||| IDENTIFYING glowing blue potion
 10381 | D:9      | 10381 ||| DROPPING potion of brilliance.
 10396 | D:10     | Entered Level 10 of the Dungeon
 10430 | D:10     | 10430 ||| Stepping ~*~*~tactically~*~*~ (stealth).
 10438 | D:10     | 10438 ||| Stepping ~*~*~tactically~*~*~ (stealth).
 10451 | D:10     | 10451 ||| Stepping ~*~*~tactically~*~*~ (hiding).
 10540 | D:10     | Noticed a two-headed ogre
 10550 | D:10     | Killed a two-headed ogre
 10551 | D:10     | Reached XP level 11. HP: 49/97 MP: 10/10
 10784 | D:10     | Noticed a two-headed ogre
 10792 | D:10     | Killed a two-headed ogre
 10902 | D:10     | Reached skill level 6 in Shields
 11365 | D:10     | 11365 ||| Stepping ~*~*~tactically~*~*~ (stealth).
 11372 | D:10     | 11372 ||| Stepping ~*~*~tactically~*~*~ (stealth).
 11506 | D:10     | 11506 ||| Stepping ~*~*~tactically~*~*~ (hiding).
 11518 | D:10     | Found a staircase to the Lair.
 11580 | D:10     | Reached skill level 17 in Axes
 11849 | D:10     | 11849 ||| READING scroll labelled BEK ERPHESOQEX CAQ.
 11911 | D:11     | 11911 ||| Stepping ~*~*~tactically~*~*~ (stealth).
 11916 | D:11     | 11916 ||| Stepping ~*~*~tactically~*~*~ (stealth).
 12065 | D:11     | Noticed a two-headed ogre
 12073 | D:11     | Killed a two-headed ogre
 12246 | D:11     | Noticed a two-headed ogre
 12259 | D:11     | Killed a two-headed ogre
 12443 | D:11     | Reached skill level 9 in Armour
 13153 | D:11     | Noticed a two-headed ogre
 13153 | D:11     | Noticed a two-headed ogre
 13153 | D:11     | Noticed a two-headed ogre
 13153 | D:11     | Noticed a two-headed ogre
 13154 | D:11     | 13154 ||| Stepping ~*~*~tactically~*~*~ (stealth).
 13159 | D:11     | Killed a two-headed ogre
 13159 | D:11     | Noticed a two-headed ogre
 13163 | D:11     | Noticed an ogre mage
 13164 | D:11     | Killed a two-headed ogre
 13169 | D:11     | Killed an ogre mage
 13170 | D:11     | Reached skill level 3 in Dodging
 13175 | D:11     | Killed a two-headed ogre
 13176 | D:11     | Reached XP level 12. HP: 76/110 MP: 11/11
 13178 | D:11     | Killed a two-headed ogre
 13184 | D:11     | HP: 23/110 [two-headed ogre/+0 giant spiked club (9)]
 13184 | D:11     | HP: 6/110 [two-headed ogre/+0 giant spiked club (17)]
 13185 | D:11     | 13185 ||| READING scroll of teleportation.
 13185 | D:11     | Mangled by a two-headed ogre

Levels and vault maps discovered:
D:1:      dpeg_arrival_rhombi, layout_basic, ebering_ecumenical_altar_abandoned
D:2:      layout_basic
D:3:      layout_basic, cheibriados_altar_1, chequers_serial_rivers_small_3,
          minmay_rat_hole, uniq_sigmund
D:4:      layout_basic, lemuel_coloured_pillars_altar, kennysheep_mini,
          ebering_ghost_gozag, serial_rivers, chequers_serial_rivers_large_b,
          chequers_serial_rivers_marsh, chequers_serial_rivers_small_3,
          chequers_serial_rivers_room_a, serial_shops, shop, uniq_grinder,
          uniq_eustachio
D:5:      layout_rooms
D:6:      layout_basic, minmay_temple_entry_gardened_gates,
          chequers_decorated_corner, serial_bayou_pond_d
D:7:      layout_basic, chequers_temple_overflow_statue_of_worship, uniq_maggie,
          uniq_pikel
D:8:      layout_gridville, ebering_ghost_reflecting_pool, minivault_24
D:9:      minmay_statue_hallways, layout_irregular_city, serial_shops,
          nicolae_shop_crystal, uniq_amaemon
D:10:     layout_roguey, erik_lair_dragon, minmay_circle_x
D:11:     kennysheep_kobold_lugonu_temple, layout_basic

Skill      XL: |  1  2  3  4  5  6  7  8  9 10 11 |
---------------+----------------------------------+-----
Axes           | 3 4 5 8 9 10 12 14 16 17 | 17.0
Dodging        | 1 2 3 |  3.4
Fighting       | 4 5 8 9 11 | 11.6
Throwing       | 1 |  1.4
Shields        | 4 5 7 |  7.0
Armour         | 4 7 10 | 10.3

Action                   |  1- 3 |  4- 6 |  7- 9 | 10-12 || total
-------------------------+-------+-------+-------+-------++-------
Melee: War axe           |    73 |    90 |   190 |   396 ||   749
       Headbutt          |    11 |    11 |    40 |    50 ||   112
       Unarmed           |       |       |     7 |       ||     7
Throw: Boomerang         |    25 |    34 |    39 |    19 ||   117
Invok: Sacrifice Love    |       |       |     1 |       ||     1
       Sacrifice an Eye  |       |       |     1 |       ||     1
       Reject Sacrifices |       |       |       |     1 ||     1
  Use: Scroll            |     6 |     5 |     2 |    12 ||    25
       Potion            |     1 |     1 |     1 |     2 ||     5
 Stab: Confused          |       |       |     1 |       ||     1
       Distracted        |       |       |     1 |       ||     1
Armor: Scale mail        |    13 |    15 |       |    47 ||    75
       Chain mail        |       |    14 |    63 |    11 ||    88
       Skin              |       |       |     1 |       ||     1
       Plate armour      |       |       |       |    65 ||    65
Dodge: Dodged            |    14 |    47 |    75 |   114 ||   250
Block: Buckler           |    22 |    21 |    33 |    74 ||   150

Table legend:
 A = Non-vault XP
 B = Vault XP
 C = Vault XP percentage of total XP
 D = Non-vault monster count
 E = Vault monster count
 F = Vault count percentage of total count
                 A         B        C        D         E       F
            +---------+---------+-------+---------+---------+-------
      Total |   17594 |    5571 |  24.0 |     239 |      36 |  13.1
            +---------+---------+-------+---------+---------+-------
        D:1 |      29 |       0 |   0.0 |      17 |       0 |   0.0
        D:2 |     171 |       0 |   0.0 |      37 |       0 |   0.0
        D:3 |     114 |     234 |  67.2 |      16 |      20 |  55.6
        D:4 |     279 |     470 |  62.8 |      18 |       2 |  10.0
        D:5 |     583 |       0 |   0.0 |      15 |       0 |   0.0
        D:6 |     695 |       0 |   0.0 |      19 |       0 |   0.0
        D:7 |    2147 |    1101 |  33.9 |      34 |       2 |   5.6
        D:8 |     747 |       0 |   0.0 |      17 |       0 |   0.0
        D:9 |    2264 |    1175 |  34.2 |      26 |       2 |   7.1
       D:10 |    1732 |    2591 |  59.9 |      12 |      10 |  45.5
       D:11 |    8833 |       0 |   0.0 |      28 |       0 |   0.0
            +---------+---------+-------+---------+---------+-------
